Map: Berlingrad LE

Players

A.I. 1 (Very Hard)

  • Race: Terran Terran

Baller - Winner!

  • Race: Zerg Zerg
  • League: Silver

VOD

Have the link to the VOD?

Description

Time

  • Played on: March 2, 2022, 9:29 p.m.
  • Length: 41:16
Show
View Real Time Build Order
Export as new Build Order

A.I. 1 (Very Hard) Terran 

Build Orders:  

Get SALT Encoding   

  12  0:00  SCV  
  13  0:13  SCV  
  14  0:18  Supply Depot  
  14  0:25  SCV  
  15  0:39  SCV  
  16  0:43  Barracks  
  16  0:51  SCV  
  17  1:03  SCV  
  18  1:10  Refinery  
  18  1:13  Supply Depot  
  18  1:16  SCV  
  19  1:28  SCV  
  20  1:32  Marine  
  21  1:40  Command Center  
  21  2:03  Barracks  
  21  2:05  SCV  
  21  2:08  Marine  
  23  2:14  Factory  
  23  2:17  SCV  
  23  2:20  Supply Depot  
  24  2:26  Marine  
  24  2:29  SCV  
  26  2:41  SCV  
  27  2:44  Marine  
  28  2:52  Orbital Command  
  28  2:53  SCV  
  28  2:57  Refinery  
  29  2:58  Factory Tech Lab  
  29  3:06  Orbital Command  
  29  3:09  Marine  
  29  3:11  Marine  
  31  3:17  SCV  
  32  3:27  Marine  
  32  3:29  Marine, SCV  
  32  3:31  SCV  
  36  3:38  Barracks  
  36  3:41  SCV  
  36  3:44  SCV  
  36  3:45  Marine  
  36  3:48  Barracks Tech Lab  
  39  3:53  SCV  
  39  3:54  Starport  
  40  3:56  SCV  
  41  4:04  Barracks Tech Lab  
  41  4:05  SCV  
  41  4:06  Stimpack, Marine  
  41  4:08  SCV  
  44  4:15  Supply Depot  
  44  4:18  SCV  
  44  4:20  SCV  
  44  4:22  Combat Shield, Marine  
  44  4:24  Marine  
  48  4:25  Marine  
  48  4:30  SCV  
  50  4:32  Medivac  
  50  4:36  SCV  
  53  4:39  Marine, Supply Depot  
  53  4:41  Marine, Supply Depot  
  53  4:42  Marine, SCV  
  57  4:52  SCV  
  58  4:54  SCV  
  58  4:58  Marauder  
  58  4:59  Marine  
  62  5:01  Refinery  
  62  5:02  Medivac  
  62  5:07  SCV, Supply Depot  
  64  5:08  Refinery  
  64  5:09  SCV  
  64  5:12  Barracks Reactor  
  66  5:18  Marauder  
  66  5:19  Marauder, SCV  
  71  5:21  SCV  
  71  5:24  Engineering Bay  
  71  5:28  Engineering Bay  
  72  5:31  SCV  
  72  5:33  SCV  
  74  5:39  Marauder  
  74  5:41  Marauder  
  78  5:44  SCV, Supply Depot  
  78  5:46  SCV  
  80  5:50  Terran Infantry Armor Level 1  
  80  5:53  Terran Infantry Weapons Level 1, Missile Turret  
  80  5:55  Medivac  
  80  5:56  SCV  
  83  5:57  Barracks  
  83  5:59  SCV, Missile Turret  
  83  6:00  Marauder  
  86  6:05  Marine  
  86  6:06  Marauder  
  86  6:08  SCV, Supply Depot  
  90  6:16  Marine  
  91  6:22  Marauder, Missile Turret  
  91  6:23  Marine, Concussive Shells  
  91  6:25  Starport Reactor  
  94  6:30  Marauder  
  96  6:33  Supply Depot  
  96  6:42  Missile Turret  
  96  6:43  Marauder  
  98  6:49  Command Center  
  98  6:55  Marauder  
  98  6:57  Supply Depot  
  60  7:01  Viking, Medivac  
  100  7:03  Factory  
  100  7:04  Marauder, Missile Turret  
  106  7:19  Marauder  
  108  7:23  Starport  
  108  7:24  Supply Depot  
  108  7:26  Marauder  
  110  7:31  Viking  
  110  7:33  Viking  
  114  7:41  Marauder  
  116  7:47  Marauder, Supply Depot  
  116  7:48  Factory Tech Lab  
  118  7:57  Marine  
  119  8:01  Viking, SCV  
  119  8:02  Orbital Command, Starport Tech Lab, SCV, Armory  
  123  8:13  Refinery, SCV  
  123  8:14  SCV  
  123  8:15  Viking  
  127  8:21  Viking  
  127  8:23  Missile Turret  
  127  8:25  SCV  
  131  8:27  SCV x2  
  131  8:28  Missile Turret  
  131  8:30  Refinery  
  131  8:32  Supply Depot  
  131  8:38  SCV  
  131  8:39  SCV x2  
  131  8:41  Fusion Core  
  134  8:46  Command Center  
  134  8:48  Terran Infantry Weapons Level 2  
  134  8:50  SCV  
  134  8:51  Raven, SCV  
  134  8:52  SCV  
  136  8:56  Viking  
  136  8:57  Marine  
  136  8:58  Marine  
  136  9:00  Marine  
  136  9:01  Marine  
  136  9:02  SCV  
  122  9:03  Marine  
  122  9:04  SCV  
  122  9:06  SCV  
  102  9:14  SCV  
  102  9:15  Marine  
  102  9:16  SCV  
  103  9:17  Marauder  
  103  9:18  Marine, SCV  
  103  9:19  Marine  
  103  9:21  Marine  
  107  9:28  Viking  
  107  9:30  Rapid Reignition System  
  109  9:31  Viking  
  109  9:33  Marine  
  109  9:34  Raven  
  109  9:35  Marine  
  109  9:37  Marine  
  118  9:38  Marauder, Marine  
  118  9:43  Hi-Sec Auto Tracking  
  119  9:51  Marauder  
  121  9:53  Marine  
  121  9:55  Marine, Barracks  
  121  9:56  Marine  
  126  10:00  Marauder  
  126  10:02  Planetary Fortress  
  126  10:06  Missile Turret  
  126  10:09  Missile Turret  
  126  10:11  Marine  
  126  10:12  Marine  
  126  10:13  Marine  
  129  10:15  Barracks Tech Lab  
  129  10:17  Viking  
  129  10:20  Viking, Marine  
  134  10:23  Ghost Academy  
  134  10:25  Command Center  
  134  10:31  Terran Ship Weapons Level 1, Marauder  
  134  10:33  Marauder  
  138  10:37  Marine  
  138  10:39  Marauder, Marine  
  138  10:40  Neosteel Armor  
  138  10:42  Marine  
  142  10:43  Armory  
  142  10:44  Liberator  
  142  10:48  Liberator  
  149  10:50  Medivac  
  149  10:51  Marine  
  149  10:55  Marauder, Marine, Supply Depot  
  155  10:57  Marine  
  155  10:59  Ghost  
  155  11:00  Marine  
  159  11:10  Marauder, Refinery  
  161  11:13  Marine  
  161  11:15  Marine, Terran Infantry Weapons Level 3  
  161  11:16  Marauder  
  161  11:17  Refinery  
  161  11:18  Marine  
  166  11:20  Medivac, Supply Depot  
  168  11:28  Marine  
  168  11:30  Medivac  
  168  11:31  Marauder, Marine  
  174  11:32  Marine  
  174  11:36  Ghost, Marine  
  174  11:37  Medivac  
  180  11:45  SCV  
  180  11:46  Marine  
  181  11:48  Planetary Fortress, Refinery, Command Center  
  181  11:49  Marine  
  181  11:53  Marauder  
  184  11:55  Missile Turret  
  184  11:57  Viking, Missile Turret  
  184  12:00  Viking, Refinery  
  188  12:03  Ghost  
  188  12:06  Marauder  
  188  12:07  Viking  
  194  12:10  Siege Tank, Hellion  
  199  12:25  Infernal Pre-Igniter  
  199  12:27  Marine x2  
  199  12:28  Factory, Marine x3  
  159  12:32  Siege Tank, Marine  
  126  12:43  Hellion  
  127  12:45  Marine x2  
  127  12:46  Marauder, Marine x2  
  127  12:51  Marauder  
  135  12:58  SCV  
  135  12:59  Personal Cloaking  
  135  13:03  Marine x2, Thor  
  135  13:04  Hellion, Marauder, Marine  
  148  13:06  Marine  
  148  13:12  Marine, Widow Mine  
  137  13:20  Planetary Fortress  
  137  13:21  Marine x3  
  137  13:23  Missile Turret  
  137  13:24  Marine  
  137  13:25  Cyclone  
  144  13:29  Marine, Missile Turret  
  144  13:31  Marine  
  137  13:34  Factory Tech Lab  
  137  13:39  Marine x3  
  137  13:42  Marine  
  137  13:47  Hellion, Marine  
  129  13:49  Marine  
  129  13:52  Cyclone  
  133  13:56  Terran Infantry Armor Level 2  
  133  13:57  Marine x3, Widow Mine  
  133  13:59  Missile Turret  
  133  14:00  Marauder  
  140  14:06  Marauder  
  140  14:07  Viking, Marauder  
  140  14:08  Siege Tank, Viking  
  151  14:12  Factory  
  151  14:13  Command Center  
  151  14:19  Siege Tank  
  154  14:25  Hellion  
  154  14:29  Viking  
  158  14:36  Marauder  
  158  14:37  Viking  
  158  14:38  Marauder  
  164  14:40  Hellion  
  164  14:45  Terran Vehicle Weapons Level 1  
  166  14:46  Terran Vehicle And Ship Armor Level 1, Thor  
  166  14:51  Siege Tank  
  175  14:55  Hellion  
  177  15:02  Widow Mine  
  177  15:05  Ghost, SCV  
  181  15:09  Ghost  
  183  15:16  Viking  
  183  15:17  Hellion  
  183  15:21  Viking  
  189  15:22  Thor  
  189  15:23  Siege Tank  
  189  15:27  Planetary Fortress  
  198  15:29  Hellion  
  198  15:31  Missile Turret  
  200  15:45  Nuke  
  200  15:47  Missile Turret  
  200  15:58  Missile Turret  
  200  16:00  Missile Turret  
  200  16:02  Missile Turret  
  199  16:05  Cyclone  
  199  16:06  Marine x3, SCV, Missile Turret  
  199  16:07  Missile Turret, Marine x3, Widow Mine  
  199  16:09  Siege Tank x2  
  137  16:22  SCV  
  137  16:23  SCV  
  137  16:24  Marauder, Marine x3  
  137  16:25  Marine x2, SCV  
  127  16:28  Hellion  
  126  16:37  Hellion  
  128  16:41  Siege Tank, Thor  
  128  16:42  Marine x3  
  128  16:43  Marauder x2  
  128  16:45  Marauder  
  146  16:49  Hellion  
  142  16:58  Terran Infantry Armor Level 3  
  142  16:59  Hellion  
  142  17:00  Marine x3  
  130  17:04  Marine x2  
  130  17:06  Marine  
  128  17:11  Hellion, Terran Vehicle Weapons Level 2  
  128  17:13  Siege Tank  
  133  17:17  Marine  
  133  17:18  Marine x2  
  133  17:20  Hellion  
  133  17:22  Marine x2, Medivac  
  142  17:24  Marine, Thor  
  149  17:34  Medivac  
  149  17:35  Medivac  
  151  17:41  Siege Tank  
  148  17:45  Thor  
  148  17:48  SCV  
  148  17:49  SCV  
  148  17:50  SCV  
  155  17:51  Raven, SCV  
  155  17:52  SCV  
  155  17:54  SCV  
  155  17:57  Marine  
  155  17:58  Marine  
  154  17:59  Marine  
  154  18:00  SCV  
  154  18:01  Marine  
  154  18:04  Hellion, SCV  
  121  18:08  Hellion  
  121  18:09  SCV x2  
  112  18:14  Hellion  
  112  18:16  Marine  
  112  18:18  Marine  
  111  18:20  Marine  
  111  18:21  Marine  
  111  18:22  Marine  
  111  18:23  Marine  
  111  18:25  Hellion  
  115  18:28  Siege Tank  
  115  18:30  Siege Tank  
  115  18:34  Marine  
  120  18:35  Siege Tank  
  120  18:36  Marine  
  120  18:37  Marine  
  120  18:38  Marine  
  120  18:40  Marine  
  120  18:41  Marine  
  129  18:42  Command Center  
  129  18:44  SCV  
  129  18:47  Hellion  
  131  18:52  Marine  
  131  18:54  Marine  
  131  18:55  Marine  
  133  18:56  Marine  
  133  19:00  Hellion  
  133  19:01  Command Center, Marine  
  133  19:02  Siege Tank, Marine  
  136  19:07  Siege Tank  
  140  19:11  Marine  
  140  19:12  Marine  
  140  19:15  Missile Turret  
  140  19:16  Widow Mine  
  136  19:17  Marine x2, Missile Turret  
  136  19:19  Marine  
  136  19:20  Marine  
  136  19:21  Thor  
  116  19:29  Marauder  
  105  19:33  SCV x2  
  105  19:34  Siege Tank, Marine  
  105  19:35  Marine  
  105  19:36  Marine  
  105  19:38  Marauder, Marine  
  106  19:47  Siege Tank  
  106  19:51  Marauder  
  106  19:52  Marine  
  111  19:53  Marine  
  111  19:54  Marine  
  111  19:55  Medivac  
  111  19:56  Marine  
  111  19:59  Marauder  
  117  20:00  SCV  
  117  20:04  Siege Tank  
  117  20:05  Medivac  
  117  20:06  Siege Tank, Widow Mine  
  128  20:09  Command Center  
  128  20:10  Marine x2  
  128  20:12  Marauder, Marine  
  128  20:13  Marine  
  122  20:16  SCV  
  122  20:19  Siege Tank  
  122  20:20  Marine  
  120  20:24  Raven  
  120  20:28  Marine x2, Widow Mine  
  119  20:30  Marine  
  119  20:31  Marine  
  119  20:33  Marauder  
  124  20:36  Siege Tank  
  124  20:38  Siege Tank, Marine  
  124  20:40  Command Center  
  128  20:45  Marine  
  128  20:46  Marine  
  128  20:48  Marine  
  128  20:49  Widow Mine  
  121  20:50  Marauder  
  121  20:52  Siege Tank  
  121  20:54  Medivac  
  121  20:55  Marauder, Marine  
  121  20:56  Missile Turret, Medivac  
  131  21:00  SCV  
  131  21:03  Marine  
  122  21:04  Marine  
  122  21:05  Marine  
  122  21:07  Raven  
  122  21:08  SCV  
  122  21:09  Widow Mine  
  124  21:11  Marauder  
  124  21:13  Marine  
  124  21:16  Marine  
  119  21:18  Siege Tank  
  119  21:21  Marine, SCV  
  119  21:22  Marine  
  119  21:23  Marine  
  119  21:24  Siege Tank  
  128  21:28  Medivac  
  128  21:29  Medivac  
  128  21:31  Marine  
  128  21:32  Marine  
  130  21:34  Marauder, Widow Mine  
  130  21:36  Widow Mine  
  130  21:39  Marine x2  
  135  21:41  Marine  
  132  21:49  Marine  
  132  21:50  Siege Tank, Raven, Marauder  
  132  21:55  Marine, Widow Mine  
  132  21:56  Cyclone  
  132  21:57  Marine x2  
  132  21:58  Liberator  
  132  21:59  Marine  
  132  22:01  Siege Tank  
  129  22:07  Marine  
  129  22:08  Medivac  
  124  22:11  Marine  
  124  22:13  Marine  
  124  22:15  Marine x2  
  127  22:17  Marine  
  127  22:20  Widow Mine  
  131  22:22  Cyclone  
  131  22:23  Missile Turret  
  131  22:25  Marauder  
  131  22:28  Siege Tank  
  131  22:29  Marine, Command Center  
  140  22:31  Marauder  
  140  22:32  Marine  
  140  22:33  Widow Mine, Marine, Medivac  
  140  22:35  Marine  
  148  22:38  Liberator  
  148  22:41  Medivac  
  148  22:44  SCV  
  148  22:46  Ghost  
  148  22:47  Marauder  
  148  22:50  Marine, Widow Mine  
  148  22:51  Marine  
  143  22:52  Marine  
  143  22:53  Marine  
  143  22:54  Siege Tank  
  132  23:01  Siege Tank  
  132  23:03  Viking  
  132  23:04  Siege Tank  
  126  23:08  Marine x2  
  126  23:09  Marine  
  126  23:10  Marauder  
  126  23:11  Marine  
  126  23:12  Widow Mine, Missile Turret  
  127  23:15  Marauder, Medivac  
  126  23:21  Medivac  
  126  23:26  Marauder, Marine x2, Cyclone  
  132  23:28  Marine  
  132  23:31  Marine  
  132  23:33  Siege Tank, Raven, Widow Mine  
  130  23:36  Marine  
  130  23:40  Siege Tank  
  128  23:44  Marine x2  
  128  23:45  Liberator  
  128  23:46  Marine  
  128  23:47  Marine  
  133  23:49  Marine  
  133  23:51  Medivac  
  133  23:54  Marine  
  133  23:55  Widow Mine  
  139  23:59  Siege Tank  
  139  24:01  Marine  
  143  24:05  Ghost  
  143  24:06  Widow Mine  
  143  24:07  Marauder  
  149  24:12  Marauder, Cyclone  
  149  24:16  Medivac  
  156  24:21  Viking  
  156  24:24  Marine  
  156  24:25  Command Center  
  156  24:27  Siege Tank  
  156  24:28  Marine x2  
  156  24:29  Marauder  
  156  24:31  Siege Tank  
  159  24:33  Marauder  
  159  24:34  Marine  
  159  24:35  Medivac  
  164  24:44  Siege Tank  
  167  24:46  Medivac  
  167  24:48  Terran Vehicle Weapons Level 3  
  167  24:49  Marine  
  167  24:50  Marauder, Marine  
  167  24:52  Marauder  
  175  24:55  Marauder  
  175  24:59  Siege Tank  
  180  25:00  Marine  
  180  25:07  Marine  
  180  25:11  Marauder  
  183  25:15  Siege Tank, Raven  
  188  25:24  Marauder  
  188  25:25  Marauder  
  189  25:42  Marauder  
  185  25:54  Cyclone  
  185  25:55  Marine  
  172  25:58  Raven, Marine  
  172  26:00  Marine  
  172  26:02  Marine  
  172  26:03  Marine, Cyclone  
  178  26:14  Marine  
  178  26:17  Marine  
  180  26:31  Liberator  
  180  26:32  Marine  
  183  26:33  Marauder  
  186  26:46  Marine  
  187  26:49  Marine  
  187  26:50  Command Center  
  187  26:51  Marine  
  189  26:54  Marine  
  190  27:02  Widow Mine  
  192  27:09  Widow Mine  
  177  27:21  Marine x2  
  177  27:22  Marine  
  155  27:25  Marine  
  148  27:47  Marauder  
  148  27:51  Marine  
  144  28:17  Marine  
  142  28:20  Marine  
  142  28:22  Marine  
  142  28:25  Marine  
  129  28:27  Marine  
  129  28:29  Marine  
  109  28:44  Marauder  
  109  28:46  Command Center  
  111  28:53  Marauder  
  113  29:05  Marauder  
  115  29:14  Marauder  
  117  29:23  Marauder  
  119  29:29  Marine  
  120  29:37  Marine  
  121  29:47  Marauder  
  123  29:57  Marauder  
  125  30:34  Marine x6  
  131  30:52  Marine x2  
  133  31:08  Refinery  
  133  31:09  Refinery  
  133  31:31  Refinery  
  131  31:33  Refinery  
  126  31:50  Marine  
  126  31:51  Marine x2  
  126  31:52  Marine x3  
  66  32:02  Command Center  
  66  32:07  SCV  
  66  32:08  Marauder, Marine, SCV  
  58  32:09  Marine x2  
  58  32:10  Marine x2, SCV  
  58  32:13  SCV x3  
  58  32:14  Siege Tank  
  63  32:19  SCV  
  62  32:23  SCV  
  62  32:26  Marine  
  62  32:27  Marine x2, SCV x2  
  62  32:28  Marine, SCV  
  62  32:29  Marauder, Marine  
  62  32:30  Siege Tank  
  62  32:35  SCV  
  64  32:38  SCV  
  64  32:42  SCV  
  64  32:44  Marine  
  64  32:45  Marine, SCV  
  64  32:46  Marauder  
  64  32:47  Marine  
  64  32:50  Marauder  
  71  32:52  SCV  
  71  32:55  SCV  
  71  32:57  SCV  
  72  33:04  Marine  
  71  33:05  Marauder, Marine  
  71  33:09  Marauder  
  71  33:10  Marine  
  75  33:15  Marauder  
  75  33:16  SCV  
  75  33:18  SCV  
  78  33:20  SCV  
  78  33:22  SCV  
  78  33:25  SCV  
  78  33:27  SCV  
  82  33:29  Marine  
  82  33:30  Marine  
  82  33:31  Marine  
  82  33:32  Marine  
  76  33:35  Marine  
  76  33:37  SCV  
  76  33:38  SCV x2  
  76  33:41  SCV  
  81  33:42  SCV  
  81  33:44  SCV  
  81  33:45  SCV  
  84  33:49  SCV  
  84  33:50  SCV  
  84  33:51  Marauder  
  84  33:52  SCV  
  84  33:53  SCV  
  84  33:55  Marine  
  83  33:57  Marine  
  83  33:58  Marine  
  83  33:59  Marine  
  83  34:01  Marine  
  64  34:08  SCV  
  64  34:09  SCV  
  59  34:11  SCV  
  59  34:12  SCV  
  59  34:13  Marauder, Marine  
  59  34:14  SCV  
  59  34:15  Marine  
  59  34:16  Marine  
  66  34:19  Marauder, Marine  
  63  34:27  SCV  
  63  34:28  SCV  
  63  34:30  SCV x2  
  63  34:31  Marine, SCV  
  64  34:32  Marine  
  64  34:34  Marauder  
  64  34:37  Marine  
  67  34:40  Marine  
  63  34:47  Siege Tank  
  63  34:48  Marine  
  63  34:49  SCV  
  63  34:50  Marine  
  66  34:54  Raven  
  66  34:55  Marauder  
  66  34:56  Marauder  
  66  34:58  Marine  
  66  34:59  SCV  
  70  35:02  Siege Tank  
  70  35:06  Marine  
  69  35:07  SCV  
  69  35:08  Marine  
  70  35:16  Marauder x2, Marine  
  70  35:19  Siege Tank  
  77  35:24  Marine  
  77  35:26  Marine  
  66  35:37  Marine  
  66  35:38  Marauder  
  58  35:56  Orbital Command  
  64  36:00  Factory  
  58  36:05  SCV  
  58  36:08  Barracks  
  58  36:11  Missile Turret  
  55  36:15  Barracks, SCV  
  54  36:21  SCV x2, Missile Turret  
  54  36:23  Missile Turret  
  54  36:24  Missile Turret  
  46  36:34  SCV  
  46  36:36  SCV x2  
  46  36:39  SCV  
  46  36:41  SCV  
  46  36:46  SCV  
  48  36:48  SCV  
  48  36:49  SCV  
  48  36:50  Starport  
  48  36:52  SCV  
  49  36:55  Marine  
  49  36:58  Factory Tech Lab, Supply Depot  
  49  37:00  SCV  
  50  37:01  Marine  
  50  37:05  Orbital Command  
  50  37:13  Barracks Tech Lab  
  49  37:16  Factory, SCV  
  49  37:21  Barracks Reactor  
  48  37:31  Marine  
  48  37:32  SCV  
  48  37:34  SCV  
  48  37:36  SCV x2  
  43  37:46  SCV x2  
  43  37:48  Factory  
  45  37:51  SCV, Supply Depot  
  45  37:52  SCV  
  46  37:58  SCV x2  
  42  38:20  Barracks, SCV x2  
  42  38:27  Barracks  
  42  38:32  Engineering Bay  
  37  38:35  Supply Depot  
  37  38:51  Barracks  
  36  39:13  Missile Turret  
  36  39:15  Marine  
  37  39:21  Factory Tech Lab  
  35  39:33  Marine  
  30  40:03  Refinery  
  30  40:05  Supply Depot  
  30  40:06  Refinery  
  12  40:46  SCV  
Show
View Real Time Build Order
Export as new Build Order

Baller Zerg - Winner!

Build Orders: Pool First, Swarm Host 

Get SALT Encoding   

  12  0:00  Drone  
  13  0:22  Spawning Pool  
  12  0:29  Overlord  
  12  0:38  Drone  
  12  0:39  Drone  
  14  0:49  Drone  
  15  0:53  Drone  
  16  1:04  Drone  
  17  1:16  Hatchery  
  16  1:19  Zergling x2  
  16  1:22  Extractor  
  16  1:24  Drone  
  17  1:35  Drone  
  18  1:45  Drone  
  19  1:56  Drone  
  20  2:11  Queen  
  20  2:14  Overlord  
  22  2:15  Hatchery  
  22  2:18  Drone  
  22  2:28  Extractor  
  21  2:31  Drone  
  21  2:35  Drone  
  23  2:42  Roach Warren, Drone  
  23  2:47  Drone  
  24  2:51  Drone  
  24  2:55  Drone  
  26  3:01  Drone  
  27  3:15  Queen  
  27  3:16  Drone  
  27  3:17  Drone  
  27  3:19  Drone  
  32  3:26  Drone x2  
  32  3:27  Extractor  
  33  3:31  Drone  
  34  3:38  Drone x2  
  36  3:45  Lair, Evolution Chamber  
  36  3:48  Drone  
  36  3:50  Drone  
  37  3:57  Overlord  
  37  3:59  Drone  
  37  4:00  Drone  
  39  4:09  Drone x3  
  42  4:20  Drone x2  
  44  4:27  Drone x2  
  46  4:37  Zergling x2  
  47  4:40  Hatchery  
  46  4:56  Drone x2  
  46  4:57  Drone  
  49  5:13  Extractor  
  48  5:16  Drone x2  
  48  5:17  Extractor  
  48  5:18  Overlord x3  
  48  5:20  Overlord  
  49  5:27  Infestation Pit  
  48  5:32  Evolution Chamber, Drone x2  
  48  5:33  Evolution Chamber  
  48  5:35  Overlord x3  
  48  5:38  Drone x3  
  51  6:00  Roach  
  51  6:01  Roach x5  
  63  6:14  Roach x2  
  63  6:15  Roach  
  69  6:20  Zerg Melee Weapons Level 1  
  69  6:21  Zerg Ground Armor Level 1, Zerg Missile Weapons Level 1  
  69  6:22  Metabolic Boost  
  69  6:24  Pneumatized Carapace  
  69  6:26  Burrow  
  69  6:28  Drone x3  
  69  6:30  Roach  
  69  6:31  Roach x2  
  78  6:40  Nydus Network  
  77  6:47  Spine Crawler  
  77  6:53  Drone x4  
  80  6:56  Overlord x2  
  80  7:06  Overseer  
  80  7:09  Overseer  
  80  7:23  Roach x5  
  80  7:28  Hive  
  90  7:32  Drone x3  
  93  7:58  Swarm Host  
  93  7:59  Swarm Host  
  120  8:15  Overlord x3  
  89  9:09  Swarm Host  
  83  9:10  Swarm Host x3  
  83  9:14  Roach x2  
  115  9:31  Spine Crawler  
  114  9:41  Hatchery  
  114  9:44  Roach  
  114  9:45  Roach x7  
  129  9:49  Zerg Ground Armor Level 2  
  129  9:51  Zerg Melee Weapons Level 2  
  129  10:12  Extractor  
  128  10:17  Extractor  
  127  10:46  Roach x5  
  127  10:47  Roach x4  
  145  10:52  Zerg Missile Weapons Level 2  
  145  11:31  Swarm Host  
  157  11:34  Overlord x5  
  117  12:42  Spore Crawler  
  117  12:43  Spore Crawler  
  114  12:44  Roach x4  
  114  12:45  Roach x7  
  114  12:46  Roach  
  128  12:59  Spore Crawler x3  
  96  13:42  Hydralisk Den  
  95  13:54  Spore Crawler  
  94  13:56  Spore Crawler  
  93  14:04  Drone x3  
  93  14:05  Drone  
  97  14:11  Hydralisk  
  97  14:12  Hydralisk x7  
  97  14:13  Hydralisk x3  
  119  14:23  Grooved Spines  
  119  14:24  Zerg Melee Weapons Level 3  
  119  14:25  Zerg Missile Weapons Level 3, Zerg Ground Armor Level 3  
  119  14:27  Hydralisk  
  119  14:28  Hydralisk x7  
  135  14:51  Hydralisk x2  
  135  14:52  Hydralisk x7  
  145  14:53  Hydralisk  
  145  14:56  Overlord x2  
  155  15:34  Muscular Augments  
  141  16:23  Hydralisk x4  
  141  16:24  Hydralisk x7  
  149  16:34  Hydralisk x4  
  133  17:53  Hatchery  
  119  18:08  Hydralisk x3  
  119  18:09  Hydralisk x7  
  119  18:10  Hydralisk x5  
  133  18:27  Hydralisk x5  
  141  18:48  Hydralisk x5  
  151  18:56  Drone x5  
  129  19:25  Hydralisk  
  129  19:26  Hydralisk x2  
  131  19:57  Extractor  
  131  19:59  Extractor  
  123  20:43  Hydralisk x4  
  123  20:44  Hydralisk x2  
  123  20:48  Hatchery  
  122  21:05  Hydralisk x2  
  126  21:16  Drone x3  
  129  21:27  Hydralisk x2  
  129  21:28  Hydralisk  
  135  21:39  Drone x3  
  116  22:08  Hydralisk  
  116  22:09  Hydralisk x7  
  132  22:18  Drone x2  
  134  22:24  Extractor  
  134  22:27  Extractor  
  120  22:54  Hydralisk x7  
  120  22:55  Hydralisk  
  134  23:14  Hydralisk x3  
  134  23:15  Hydralisk  
  142  23:22  Hydralisk  
  141  23:28  Drone x2  
  141  23:29  Drone  
  140  23:47  Hydralisk  
  140  23:48  Hydralisk x3  
  147  24:04  Drone x3  
  147  24:06  Hydralisk x3  
  147  24:07  Hydralisk  
  152  24:46  Hydralisk  
  152  25:22  Hatchery  
  131  25:55  Hydralisk x2  
  131  25:56  Hydralisk x8  
  131  25:57  Hydralisk x7  
  111  25:58  Hydralisk x4  
  131  26:13  Swarm Host  
  131  26:14  Swarm Host x3  
  131  26:17  Drone  
  109  27:25  Swarm Host x2  
  109  27:26  Swarm Host x7  
  109  27:27  Swarm Host x3  
  143  27:44  Drone  
  144  27:52  Drone  
  145  28:14  Spore Crawler  
  145  28:16  Spine Crawler  
  113  28:40  Hydralisk  
  113  28:41  Hydralisk x7  
  99  28:42  Hydralisk x4  
  121  29:03  Hydralisk x4  
  129  29:16  Drone x3  
  132  29:19  Drone x2  
  132  29:22  Drone x2  
  136  29:48  Hydralisk x5  
  136  29:49  Hydralisk  
  148  29:56  Queen  
  150  30:02  Drone x3  
  153  30:16  Hydralisk x4  
  153  30:18  Hydralisk  
  163  30:32  Spire  
  163  30:33  Drone x2  
  164  30:39  Hydralisk  
  164  30:40  Hydralisk x3  
  151  32:37  Hydralisk x5  
  151  32:38  Hydralisk x6  
  151  32:40  Swarm Host x7  
  194  33:15  Hydralisk  
  194  33:16  Hydralisk x2  
  194  33:17  Hydralisk  
  176  36:18  Hydralisk  
  176  36:19  Hydralisk x6  
  176  36:20  Hydralisk x5  
Tags
 
Composition
Swarm Host
League
Silver
Matchup
TvZ
Opening
Pool First
Add a new tag
Caveats
  • Supply blocks, unpowered buildings, or Contaminate may cause inaccurate times.
  • Supply counts are checked every 10 seconds.